 Dungeon Crawl Stone Soup version 0.18-a0-1560-ge216ca8 (webtiles) character file.

16151 Geeful the Quickloader (level 12, -11/71 (72) HPs)
             Began as a Kobold Hunter on Mar 12, 2016.
             Was an Elder of Trog.
             Mangled by a redback simulacrum (21 damage)
             ... on level 12 of the Dungeon.
             The game lasted 01:07:38 (16485 turns).

Geeful the Quickloader (Kobold Hunter)             Turns: 16485, Time: 01:07:38

HP:   -11/71 (72)   AC: 11    Str: 12    XL:     12   Next: 66%
MP:   15/15         EV: 21    Int:  9    God:    Trog [****..]
Gold: 302           SH:  5    Dex: 22    Spells: 0 memorised, 11 levels left

rFire  + . .     SeeInvis .     a - +1 hand crossbow
rCold  . . .     Gourm    .     h - +0 scale mail
rNeg   . . .     Faith    .     (shield restricted)
rPois  +         Spirit   .     (no helmet)
rElec  .         Dismiss  .     c - +0 cloak
rCorr  .         Reflect  +     M - +0 pair of gloves
SustAt .         Harm     .     N - +0 pair of boots
MR     +....                    L - +5 amulet of reflection
Stlth  +.........               v - ring of protection from magic
                                t - ring of protection from fire

@: somewhat resistant to hostile enchantments, very unstealthy
A: thin metallic scales 1, carnivore 3, frail 1, mutation resistance 1, poison
resistance, strong 1, subdued magic 1
a: Berserk, Trog's Hand, Brothers in Arms, Burn Spellbooks, Renounce Religion


You were on level 12 of the Dungeon.
You worshipped Trog.
Trog was greatly pleased with you.
You were very full.

You visited 1 branch of the dungeon, and saw 12 of its levels.
You also visited: Ossuary.

You collected 627 gold pieces.
You spent 325 gold pieces at shops.

Inventory:

Hand Weapons
 a - a +1 hand crossbow (weapon)
 b - a +2 dagger of venom
 m - a +2 spear of freezing
 G - a +0 blowgun
Missiles
 d - 15 bolts of frost
 i - 19 bolts of penetration
 u - 23 poisoned needles
 x - 19 bolts of flame
 P - 14 bolts (quivered)
Armour
 c - a +0 cloak (worn)
 h - a +0 scale mail (worn)
 M - a +0 pair of gloves (worn)
 N - a +0 pair of boots (worn)
Jewellery
 k - an uncursed amulet of guardian spirit
 t - a ring of protection from fire (left hand)
 v - a ring of protection from magic (right hand)
 y - an uncursed ring of sustain attributes
 L - a +5 amulet of reflection (around neck)
Wands
 z - a wand of random effects (18/48)
 I - a wand of confusion (32/48)
 K - a wand of confusion (48/48)
Scrolls
 e - 10 scrolls of remove curse
 l - a scroll of teleportation
 n - 2 scrolls of blinking
 q - 2 scrolls of enchant armour
 E - 2 scrolls of magic mapping
 H - a scroll of recharging
Potions
 g - a potion of brilliance
 j - a potion of might
 p - 3 potions of curing
 s - 3 potions of berserk rage
 w - a potion of cancellation
 A - a potion of flight {unknown}
 B - 3 potions of invisibility
 F - a potion of ambrosia
 J - a potion of haste
Miscellaneous
 o - a box of beasts {used: 1}
 S - a box of beasts
Comestibles
 f - 6 meat rations
 r - a royal jelly
 R - 3 beef jerkies


   Skills:
 + Level 12.2 Fighting
 + Level 13.6 Crossbows
 + Level 13.1 Dodging
 - Level 1.3 Stealth
 + Level 4.9 Evocations


You had 11 spell levels left.
You didn't know any spells.

Dungeon Overview and Level Annotations

Branches:
Dungeon (12/15)            Temple (0/1) D:6            Lair (0/8) D:9
    Orc (0/2) D:11

Altars:
Ashenzari
Dithmenos
Elyvilon
Gozag
Kikubaaqudgha
Makhleb
Nemelex Xobeh
Pakellas
Qazlal
Sif Muna
Trog

Shops:
D:8 =

Annotations:
D:8 Erica


Innate Abilities, Weirdness & Mutations

You are small and have problems with some larger weapons.
You are carnivorous and can eat meat at any time.
You are partially covered in thin metallic scales (AC +2).
You are frail (-10% HP).
You are somewhat resistant to further mutation.
Your system is resistant to poisons.
Your muscles are strong. (Str +2)
Your spells are a little easier to cast, but a little less powerful.


Message History

You block the redback simulacrum's attack.
Your scale mail prevents you from hitting the redback simulacrum.
You block the redback simulacrum's attack.
The redback simulacrum closely misses you.
You hit the redback simulacrum.
The redback simulacrum closely misses you.
Your scale mail prevents you from hitting the redback simulacrum.
The redback simulacrum bites you! The redback simulacrum freezes you!
You hit the redback simulacrum.
The redback simulacrum closely misses you.
The redback simulacrum bites you. The redback simulacrum freezes you!!
* * * LOW HITPOINT WARNING * * *
You hit the redback simulacrum.
You block the redback simulacrum's attack.
Your +2 dagger of venom stops dripping with poison.
a - a +1 hand crossbow (weapon)
The redback simulacrum bites you!
* * * LOW HITPOINT WARNING * * *
The redback simulacrum freezes you!!
You die...

#.# #.# #.# #.# #.#
....... #.# .......
#.# ....... #@#
....... #Z#
.......####o#
...$..........######
....................
....................
........####)(.(....
........# #.(######
........# #(.#


You could see a redback simulacrum and an orc.

Vanquished Creatures
  Erolcha (D:9)
  An unseen horror (D:9)
  2 hill giants
  An ugly thing (D:11)
  The ghost of tijit the Tainter, a novice GrVM of Sif Muna (D:7)
  A manticore (D:11)
  Joseph (D:7)
  A gargoyle (D:10)
  A kobold demonologist (D:11)
  A troll (D:10)
  2 two-headed ogres
  Grinder (D:3)
  Prince Ribbit (D:7)
  Sigmund (D:5)
  2 wraiths (D:11)
  10 yaks
  A hungry ghost (D:11)
  4 hippogriffs
  A soldier ant (D:12)
  Duvessa (D:5)
  8 sky beasts
  A black bear (D:8)
  9 orc warriors
  3 phantoms
  3 ice beasts
  2 necrophages
  5 ogres
  5 centaurs
  3 big kobolds
  A gnoll sergeant (D:11)
  12 giant frogs
  Dowan (D:5)
  12 scorpions
  A water moccasin skeleton (D:7)
  16 killer bees
  6 howler monkeys
  3 centaur zombies
  9 crimson imps
  A giant frog skeleton (D:9)
  A quasit (D:7)
  2 human zombies (Ossuary)
  3 orc priests
  6 hounds
  4 jellies (D:8)
  6 orc wizards
  3 centaur skeletons
  Terence (D:2)
  5 iguanas
  10 worker ants
  A killer bee zombie (D:11)
  3 big kobold zombies (Ossuary)
  A hound zombie (D:5)
  A hound skeleton (D:9)
  3 mummies (Ossuary)
  3 gnolls (D:11)
  4 scorpion zombies (Ossuary)
  8 adders
  A shadow imp (D:9)
  An ooze (D:2)
  An adder zombie (D:6)
  2 adder skeletons
  2 worms
  6 giant geckos
  30 orcs
  6 bats
  7 giant cockroaches
  6 gnoll zombies (Ossuary)
  4 goblins
  9 hobgoblins
  8 jackals
  3 quokkas
  A ball python (D:4)
  2 giant gecko skeletons
  A giant gecko zombie (D:7)
  7 giant newts
  A goblin zombie (Ossuary)
  2 hobgoblin zombies (Ossuary)
  18 kobolds
  A kobold zombie (Ossuary)
  An orc zombie (Ossuary)
  2 quokka zombies
  14 rats
  A rat zombie (D:6)
338 creatures vanquished.

Notes
Turn   | Place    | Note
--------------------------------------------------------------
     0 | D:1      | Geeful the Kobold Hunter began the quest for the Orb.
     0 | D:1      | Reached XP level 1. HP: 12/12 MP: 1/1
   349 | D:1      | Reached XP level 2. HP: 18/18 MP: 2/2
   370 | D:1      | Reached skill level 5 in Crossbows
   690 | D:1      | Reached XP level 3. HP: 22/22 MP: 3/3
  1089 | D:2      | Found an oddly glowing altar of Pakellas.
  1324 | D:2      | Found a deep blue altar of Sif Muna.
  1419 | D:2      | Reached XP level 4. HP: 25/28 MP: 4/4
  1777 | D:3      | Noticed Terence
  1788 | D:2      | Killed Terence
  2074 | D:3      | Noticed Grinder
  2082 | D:3      | Paralysed by Grinder for 7 turns
  2088 | D:3      | HP: 1/28 [Grinder/nerve-wracking pain (11)]
  2095 | D:3      | Paralysed by Grinder for 2 turns
  2098 | D:3      | Gained mutation: You are frail (-10% HP). [potion of mutation]
  2098 | D:3      | Gained mutation: Your body sometimes deteriorates upon taking damage. [potion of mutation]
  2098 | D:3      | Gained mutation: Your system is resistant to poisons. [potion of mutation]
  2102 | D:3      | Paralysed by Grinder for 5 turns
  2113 | D:3      | Killed Grinder
  2113 | D:3      | Reached XP level 5. HP: 18/30 MP: 1/5
  2113 | D:3      | Reached XP level 6. HP: 21/35 MP: 1/6
  2495 | D:3      | Noticed an ice beast
  2664 | D:4      | Noticed an ice beast
  2674 | D:4      | Reached skill level 5 in Dodging
  2706 | D:4      | Killed an ice beast
  2706 | D:4      | Reached XP level 7. HP: 26/39 MP: 5/7
  2874 | D:4      | Reached skill level 5 in Fighting
  3177 | D:4      | Found a shattered altar of Ashenzari.
  3380 | D:4      | Reached XP level 8. HP: 42/45 MP: 8/8
  3634 | D:5      | Entered Level 5 of the Dungeon
  3800 | D:5      | Gained mutation: Your spells are a little easier to cast, but a little less powerful. [mutagenic meat]
  3801 | D:5      | Gained mutation: You are partially covered in thin metallic scales (AC +2). [mutagenic meat]
  4159 | D:5      | Noticed Duvessa
  4184 | D:5      | Killed Duvessa
  4192 | D:5      | Noticed Dowan
  4211 | D:5      | Killed Dowan
  4326 | D:5      | Noticed Sigmund
  4596 | D:5      | Killed Sigmund
  4596 | D:5      | Reached XP level 9. HP: 49/51 MP: 9/9
  4786 | D:5      | Lost mutation: Your body sometimes deteriorates upon taking damage. [mutagenic meat]
  4787 | D:5      | Gained mutation: Your muscles are strong. (Str +2) [mutagenic meat]
  4788 | D:5      | Gained mutation: You are somewhat resistant to further mutation. [mutagenic meat]
  4942 | D:5      | Found an opulent altar of Gozag.
  4943 | D:5      | Found a sparkling altar of Nemelex Xobeh.
  5086 | D:6      | Found a sand-covered staircase.
  5111 | Ossuary  | Entered an ossuary
  6005 | D:6      | Found a burning altar of Makhleb.
  6009 | D:6      | Found a shadowy altar of Dithmenos.
  6010 | D:6      | Found a bloodstained altar of Trog.
  6022 | D:6      | Became a worshipper of Trog the Wrathful
  6092 | D:6      | Reached skill level 10 in Crossbows
  6594 | D:6      | Reached XP level 10. HP: 47/58 MP: 8/10
  7000 | D:7      | Noticed tijit's ghost (novice GrVM)
  7504 | D:7      | Killed tijit's ghost
  7640 | D:7      | Noticed Joseph
  7669 | D:7      | Killed Joseph
  7669 | D:7      | Reached skill level 10 in Dodging
  7997 | D:7      | Found a stormy altar of Qazlal.
  8048 | D:7      | Noticed Prince Ribbit
  8062 | D:7      | Killed Prince Ribbit
  8312 | D:7      | Reached * piety under Trog
  8760 | D:8      | Found an ancient bone altar of Kikubaaqudgha.
  8888 | D:8      | Lost mutation: Your system is resistant to poisons. [mutagenic meat]
  9219 | D:8      | Found a white marble altar of Elyvilon.
  9252 | D:8      | Found Taevi's Jewellery Shop.
  9279 | D:8      | Reached skill level 10 in Fighting
  9297 | D:8      | Bought a +5 amulet of reflection for 325 gold pieces
  9801 | D:8      | Reached XP level 11. HP: 62/64 MP: 11/11
 10039 | D:9      | Reached ** piety under Trog
 10208 | D:9      | Noticed Erica
 10702 | D:9      | Found a staircase to the Lair.
 11625 | D:9      | Noticed Erolcha
 11639 | D:9      | Killed Erolcha
 11890 | D:10     | Entered Level 10 of the Dungeon
 12059 | D:9      | Killed an unseen horror
 12315 | D:10     | Noticed a hill giant
 12327 | D:9      | Upgraded the game from 0.18-a0-1558-ge760eee to 0.18-a0-1560-ge216ca8
 12392 | D:10     | Killed a hill giant
 12813 | D:10     | Reached *** piety under Trog
 12938 | D:10     | Reached skill level 1 in Evocations
 13356 | D:10     | Reached XP level 12. HP: 72/72 MP: 11/13
 13723 | D:11     | Received a gift from Trog
 14132 | D:11     | Received a gift from Trog
 14570 | D:11     | Gained mutation: Your system is resistant to poisons. [mutagenic meat]
 15035 | D:11     | Found a staircase to the Orcish Mines.
 16141 | D:11     | Reached **** piety under Trog
 16273 | D:12     | Received a gift from Trog
 16485 | D:12     | Mangled by a redback simulacrum

Vault maps used:
D:1:      matt_arrival_los_fun, grunt_decor_cap
D:2:      wad_lake_hut, lemuel_blue_sif_altar, marbit_many_paths,
          hex_intersection
D:3:      lightli_corner_chamber, uniq_terence, uniq_grinder
D:4:      lemuel_round_altar, minmay_lizard_king
D:5:      grunt_temple_overflow_opulence, first_bread, uniq_sigmund,
          uniq_duvessa
D:6:      grunt_temple_overflow_open, minmay_temple_entry_from_below_a,
          enter_ossuary_4, moated_statue
D:7:      grunt_qazlal_sundering, uniq_joseph, uniq_prince_ribbit1
D:8:      kiku_gazebo_pond_becter, kennysheep_little_box, serial_shops,
          nicolae_shop_window_shopping
D:9:      lair_0_dummy, uniq_erolcha, uniq_erica
D:11:     david_orc_3
D:12:     blue_anna_alchemist, lightli_church_of_beogh
Ossuary:  ossuary_minmay_scorpions

Skill      XL: |  1  2  3  4  5  6  7  8  9 10 11 12 |
---------------+-------------------------------------+-----
Crossbows      | 5 6 7 9 10 11 12 13 | 13.6
Dodging        | 3 4 5 6 7 9 10 12 13 | 13.1
Fighting       | 3 4 5 7 8 10 11 12 | 12.2
Evocations     | 1 4 |  4.9
Stealth        | |  1.3

Action                   |  1- 3 |  4- 6 |  7- 9 | 10-12 || total
-------------------------+-------+-------+-------+-------++-------
Melee: Short sword       |     5 |       |       |       ||     5
       Dagger            |       |    42 |   184 |   711 ||   937
       Rapier            |       |    12 |       |       ||    12
       Spear             |       |       |    51 |   281 ||   332
 Fire: Hand crossbow     |    71 |    19 |   217 |   215 ||   522
       Blowgun           |       |       |       |    18 ||    18
Invok: Burn Spellbooks   |       |       |       |     2 ||     2
       Trog's Hand       |       |       |       |     4 ||     4
       Berserk           |       |       |       |     2 ||     2
Evoke: Wand              |       |       |     1 |     4 ||     5
       Box of beasts     |       |       |       |     1 ||     1
  Use: Scroll            |     4 |     2 |     7 |    18 ||    31
       Potion            |       |     6 |       |     5 ||    11
 Stab: Confused          |       |       |       |     1 ||     1
  Eat: Chunk             |    10 |     3 |    22 |    57 ||    92
